 Dungeon Crawl Stone Soup version 0.30-a0-360-g447f08457e (webtiles) character file.

Game seed: 6875638987068953004

62 runemasterragnar the Conjurer (level 4, -3/27 HPs)
             Began as a Tengu Reaver on Nov 13, 2022.
             Slain by an iguana (13 damage)
             ... on level 4 of the Dungeon.
             The game lasted 00:01:55 (1839 turns).

runemasterragnar the Conjurer (Tengu Reaver)        Turns: 1839, Time: 00:01:56

Health: -3/27      AC:  3    Str: 14    XL:     4   Next: 8%
Magic:  8/8        EV: 12    Int: 14    God:
Gold:   57         SH:  0    Dex: 12    Spells: 6/7 levels left

rFire   . . .      SeeInvis .    a - +0 falchion
rCold   . . .      Faith    .    (no shield)
rNeg    . . .      Spirit   .    b - +0 leather armour
rPois   .          Reflect  .    (helmet restricted)
rElec   .          Harm     .    (no cloak)
rCorr   .          Rampage  .    (no gloves)
Will    .....                    (boots unavailable)
Stlth   +.........               (no amulet)
HPRegen 0.24/turn                (no ring)
MPRegen 0.11/turn                (no ring)

@: no status effects
A: beak, talons 3
a: no special abilities


You were on level 4 of the Dungeon.
You visited 1 branch of the dungeon, and saw 4 of its levels.

You collected 57 gold pieces.

Inventory:

Hand Weapons
 a - a +0 falchion (weapon)
Armour
 b - a +0 leather armour (worn)
Scrolls
 c - 2 scrolls of identify {unknown}
 h - a scroll of teleportation {unknown}
 k - a scroll of magic mapping {unknown}
Potions
 d - a potion of berserk rage {unknown}
 e - a potion of curing {unknown}
 f - 2 potions of invisibility {unknown}
 g - a potion of heal wounds {unknown}
 i - a potion of brilliance {unknown}
 j - a potion of degeneration {unknown}
 l - a potion of attraction {unknown}


   Skills:
 + Level 2.3 Fighting
 * Level 3.9 Long Blades
 + Level 2.5 Dodging
 + Level 1.0 Unarmed Combat
 + Level 2.2 Spellcasting
 + Level 4.4 Conjurations
 + Level 1.2 Necromancy


You had 6 spell levels left.
You knew the following spells:

 Your Spells              Type           Power      Damage    Failure   Level
a - Kiss of Death         Conj/Necr      36%        2d8       10%         1

Your spell library contained the following spells:

 Spells                   Type           Power      Damage    Failure   Level
 Momentum Strike          Conj/Tloc      14%        3d8       19%         2
 Hailstorm                Conj/Ice       7%         3d4       34%         3
 Iskenderun's Battlesphe  Conj           14%        2d7       78%         5
 Iron Shot                Conj/Erth      3%         9d2       100%        6
 Spellforged Servitor     Conj/Summ      3%         N/A       100%        7


Dungeon Overview and Level Annotations

Branches:
Dungeon (3/15)

Altars:
Ashenzari

Shops:
D:2 :


Innate Abilities, Weirdness & Mutations

You have a beak for a mouth.
You have claws for feet.


Message History

You kill the adder!
The adder bites you but does no damage.
You closely miss the adder. Your kick misses the adder.
The adder closely misses you.
You barely miss the adder. You peck the adder. Your punch misses the adder.
The adder is lightly wounded.
The adder completely misses you. The adder bites you.
You hit the adder.
The adder is severely wounded.
The adder closely misses you.
You hit the adder.
You kill the adder!
You have reached level 4!
You feel clever.
You closely miss the hobgoblin.
The hobgoblin is almost dead.
The hobgoblin barely misses you.
You closely miss the hobgoblin.
The hobgoblin is almost dead.
The hobgoblin closely misses you.
You hit the hobgoblin.
You kill the hobgoblin!
You hit the goblin.
You kill the goblin!
Your Unarmed Combat skill increases to level 1!
Things that are here:
a +0 dagger; a hobgoblin corpse; an adder corpse HP restored.
l - a viscous golden potion
Found an escape hatch in the ceiling.
An iguana comes into view.
The iguana hisses angrily.
An iguana is nearby!
An orc comes into view. It is wielding a +0 whip.
The orc shouts!
The iguana bites you!
You barely miss the iguana. Your kick misses the iguana. The iguana bites you.
You hit the iguana but do no damage. Your kick misses the iguana.
The iguana bites you!
You die...

... ... ##. ....## ...
..##.....# ... ..
#.#......# ... ## ##.
##......... ... ...#..
#.....<.... ...
#.##.###..........
....###.....#....l......
................@.......
..................##..#.
..................o...
#.#.##.......##........
..#..#.......###........
.....#.......# #..#.....
........##..## ###......
.............## #.....
.#..#.........# ..


You could see an iguana and an orc.

Vanquished Creatures
  A gnoll (D:1)
  2 adders (D:4)
  2 dart slugs
  5 endoplasms
  A giant cockroach (D:1)
  6 goblins
  3 hobgoblins
  3 kobolds (D:1)
  3 ball pythons
  2 bats
  2 frilled lizards
30 creatures vanquished.

Notes
Turn   | Place    | Note
-------+----------+-------------------------------------------
     0 | D:1      | runemasterragnar the Tengu Reaver began the quest for the
                  | Orb.
     0 | D:1      | Reached XP level 1. HP: 12/12 MP: 4/4
   255 | D:1      | Reached XP level 2. HP: 14/16 MP: 6/6
   911 | D:1      | Reached skill level 1 in Necromancy
   911 | D:1      | Reached XP level 3. HP: 13/21 MP: 7/7
  1058 | D:2      | Found Zewari's Vocational Training.
  1479 | D:3      | Found a broken altar of Ashenzari.
  1507 | D:3      | You fall into a shaft and drop 1 floor!
  1792 | D:4      | Reached XP level 4. HP: 22/26 MP: 8/8
  1796 | D:4      | Reached skill level 1 in Unarmed Combat
  1839 | D:4      | Slain by an iguana

Illustrated notes

Levels and vault maps discovered:
D:1:      dpeg_arrival_oval, layout_loops_corners
D:2:      layout_rooms, nicolae_shop_vocational
D:3:      layout_rooms, nicolae_ashenzari_panopticon, reono_crystal_passage,
          nicolae_kite_square_tiling_tiny, uniq_grinder
D:4:      layout_cave_pools, minmay_temple_entry_junction, uniq_edmund,
          uniq_pikel

Skill      XL: |  1  2  3  4 |
---------------+-------------+-----
Necromancy     | 1 |  1.2
Unarmed Combat | 1 |  1.0
Fighting       | |  2.3
Long Blades    | |  3.9
Dodging        | |  2.5
Spellcasting   | |  2.2
Conjurations   | |  4.4

Action                   |  1- 3 |  4- 6 || total
-------------------------+-------+-------++-------
Melee: Falchion          |    61 |     6 ||    67
       Kick              |    13 |       ||    13
       Punch             |     1 |       ||     1
       Peck              |     5 |       ||     5
 Cast: Kiss of Death     |     1 |       ||     1
 Stab: Sleeping          |     1 |       ||     1
Armor: Leather armour    |    14 |       ||    14
Dodge: Dodged            |    49 |     2 ||    51

Table legend: (Time is in decaauts)
 A = Elapsed time spent in this place.
 B = Non-inter-level travel time spent in this place.
 C = Inter-level travel time spent in this place.
 D = Time resting spent in this place.
 E = Time spent auto-exploring this place.
 F = Levels seen in this place.
 G = Mean time per level.
                   A        B        C        D        E       F      G
               +--------+--------+--------+--------+--------+-----+--------+
         Total |   1847 |   1763 |     84 |    257 |   1298 |   4 |  461.8 |
       Dungeon |   1847 |   1763 |     84 |    257 |   1298 |   4 |  461.8 |
               +--------+--------+--------+--------+--------+-----+--------+

Top non-repeatable levels by time:
     D:1: 1019 daAuts
     D:2: 462 daAuts
     D:4: 333 daAuts
     D:3: 32 daAuts
